 Seeded DCSS version 0.29-a0-1023-g6ae1a4a2c7 (webtiles) character file.

Game seed: 20220812 (custom seed)

358 purpskrrrp the Covert (level 6, -3/28 HPs)
             Began as a Spriggan Enchanter on Aug 12, 2022.
             Killed from afar by a white imp (10 damage)
             ... with a puff of frost
             ... summoned by Eustachio
             ... on level 4 of the Dungeon.
             The game lasted 00:09:04 (3444 turns).

purpskrrrp the Covert (Spriggan Enchanter)          Turns: 3444, Time: 00:09:05

Health: -3/28      AC:  3    Str:  7    XL:     6   Next: 37%
Magic:  11/11      EV: 21    Int: 17    God:
Gold:   162        SH:  0    Dex: 23    Spells: 10/10 levels left

rFire   . . .      SeeInvis +   o - +6 dagger of the Coward {holy, rCorr Str+3}
rCold   . . .      Faith    .   (no shield)
rNeg    . . .      Spirit   .   b - +1 robe
rPois   .          Reflect  .   (helmet restricted)
rElec   .          Harm     .   (no cloak)
rCorr   +          Rampage  .   (gloves unavailable)
Will    +....                   (boots unavailable)
Stlth   ++++......              (no amulet)
HPRegen 0.09/turn               g - ring of flight
MPRegen 0.12/turn               n - +6 ring of dexterity

@: flying, very quick
A: very small, no large weapons, unfitting armour, see invisible, speed 3
a: no special abilities


You were on level 4 of the Dungeon.
You visited 1 branch of the dungeon, and saw 4 of its levels.

You collected 162 gold pieces.

Inventory:

Hand Weapons
 a - a +1 dagger
 i - a +2 short sword of speed
 o - the +6 dagger of the Coward (weapon) {holy, rCorr Str+3}
   (You found it on level 3 of the Dungeon)

   It has been blessed by the Shining One to cause great damage to the undead
   and demons.
   Str:       It affects your strength (+3).
   rCorr:     It protects you from acid and corrosion.
Missiles
 j - 5 atropa-tipped darts (quivered)
Armour
 b - a +1 robe (worn)
Jewellery
 g - a ring of flight (left hand)
 n - a +6 ring of dexterity (right hand)
Wands
 u - a wand of paralysis (5)
Scrolls
 d - 2 scrolls of teleportation
 h - a scroll of torment
Potions
 c - 2 potions of invisibility
 f - 3 potions of lignification
 k - 2 potions of curing {unknown}
 l - a potion of berserk rage {unknown}
 m - 3 potions of attraction {unknown}
 r - a potion of mutation {unknown}
 t - a potion of brilliance {unknown}


   Skills:
 + Level 3.5 Short Blades
 + Level 5.0 Dodging
 * Level 8.5 Stealth
 - Level 2.7 Spellcasting
 - Level 3.7 Hexes


You had 10 spell levels left.
You didn't know any spells.
Your spell library contained the following spells:

 Spells                   Type           Power      Damage    Failure   Level
 Confusing Touch          Hex            14%        N/A       12%         3
 Tukima's Dance           Hex            14%        N/A       12%         3
 Ensorcelled Hibernation  Hex/Ice        16%        N/A       13%         2
 Dazzling Flash           Conj/Hex       16%        N/A       26%         3
 Hailstorm                Conj/Ice       2%         3d3       87%         4
 Ice Form                 Ice/Tmut       2%         N/A       87%         4
 Silence                  Hex/Air        4%         N/A       93%         5
 Agony                    Necr           2%         N/A       99%         5
 Simulacrum               Ice/Necr       1%         N/A       100%        6


Dungeon Overview and Level Annotations

Branches:
Dungeon (4/15)
 Temple: D:4-7

Altars:
Xom

Shops:
D:2 (

Annotations:
D:4 Eustachio


Innate Abilities, Weirdness & Mutations

You are very small and have problems with some larger weapons.
You are too small for most types of armour.
You have supernaturally acute eyesight. (SInv)
You cover ground extremely quickly. (Speed+++)


Message History

No target in view!
No target in view!
No target in view!
No target in view!
No target in view!
You feel sick.
You feel sick.
You are no longer poisoned.
Found a stone staircase leading down.
Eustachio the Magnificent comes into view.
He is wielding a +2 rapier of electrocution.
You hit Eustachio.
Eustachio is lightly wounded.
Eustachio gestures wildly while chanting.
Eustachio blinks!
You closely miss Eustachio.
Eustachio is lightly wounded.
Eustachio gestures wildly while chanting.
You barely miss Eustachio.
Eustachio is lightly wounded.
Eustachio hits you with a +2 rapier of electrocution.
You are electrocuted!!
Ouch! That really hurt!
* * * LOW HITPOINT WARNING * * *
You are too injured to fight recklessly!
You are too injured to fight recklessly!
You are too injured to fight recklessly!
You are too injured to fight recklessly!
You are too injured to fight recklessly!
You are too injured to fight recklessly!
You are too injured to fight recklessly!
You are too injured to fight recklessly!
You are too injured to fight recklessly!
You are too injured to fight recklessly!
You are too injured to fight recklessly!
You are too injured to fight recklessly!
You hit Eustachio.
Eustachio is moderately wounded.
The white imp gestures at you. The puff of frost hits you!
You die...

################
#...ยง.5.>......#
#@.5....#
#@#####.# #5#
##.##... ..#
#...##.. ##.#
##.###.#
.##.#####.# #.#
..........###.##
###...........#
#.###.####..###..


You could see Eustachio, an iron imp (summoned), a quasit (summoned) and a white
imp (summoned).

Vanquished Creatures
  Sigmund (D:2)
  3 crimson imps (D:3)
  4 adders
  4 worms
  A dart slug (D:1)
  An orc (D:3)
  7 endoplasms
  2 giant cockroaches
  4 goblins
  4 hobgoblins
  2 quokkas
  3 ball pythons
  4 bats
  6 frilled lizards
  7 kobolds
  11 rats
64 creatures vanquished.

Vanquished Creatures (others)
  4 plants (D:1)
4 creatures vanquished.

Grand Total: 68 creatures vanquished

Notes
Turn   | Place    | Note
-------+----------+-------------------------------------------
     0 | D:1      | purpskrrrp the Spriggan Enchanter began the quest for the
                  | Orb.
     0 | D:1      | Reached XP level 1. HP: 9/9 MP: 5/5
   142 | D:1      | Reached XP level 2. HP: 13/13 MP: 6/6
   161 | D:1      | Reached skill level 5 in Stealth
   516 | D:1      | Found a faded altar of an unknown god.
  1128 | D:2      | Noticed Sigmund
  1360 | D:2      | Reached XP level 3. HP: 15/16 MP: 8/8
  1804 | D:2      | Killed Sigmund
  1805 | D:2      | Reached skill level 7 in Stealth
  1805 | D:2      | Reached XP level 4. HP: 10/21 MP: 9/9
  1805 | D:2      | Reached XP level 5. HP: 11/24 MP: 10/10
  2076 | D:2      | Found Akkuez's Weapon Emporium.
  2113 | D:2      | Found a shimmering altar of Xom.
  2316 | D:3      | Identified the +6 dagger of the Coward {holy, rCorr Str+3}
  3030 | D:3      | Found a shimmering altar of Xom.
  3037 | D:3      | Reached skill level 8 in Stealth
  3037 | D:3      | Reached XP level 6. HP: 26/28 MP: 11/11
  3354 | D:4      | Reached skill level 5 in Dodging
  3435 | D:4      | Noticed Eustachio
  3444 | D:4      | Killed from afar by a white imp

Illustrated notes

Levels and vault maps discovered:
D:1:      spicycebolla_arrival_xxxplode, layout_basic,
          dilly_ecumenical_altar_fadedgnrine
D:2:      layout_basic, serial_shops, nicolae_shop_bloodbath_and_beyond,
          basic_altar, uniq_sigmund
D:3:      layout_basic, led_xom_imps, serial_bayou_pond_c
D:4:      layout_loops_ring, vehumet_crystals, uniq_eustachio, uniq_natasha

Skill      XL: |  1  2  3  4  5  6 |
---------------+-------------------+-----
Dodging        | 3 4 5 |  5.0
Stealth        | 5 7 8 |  8.5
Short Blades   | 2 3 |  3.5
Spellcasting   | |  2.7
Hexes          | |  3.7

Action                   |  1- 3 |  4- 6 || total
-------------------------+-------+-------++-------
Melee: Dagger            |    74 |    48 ||   122
       Short sword       |    46 |    25 ||    71
       Punch             |       |     1 ||     1
Throw: Dart              |     3 |       ||     3
  Use: Scroll            |       |     8 ||     8
 Stab: Sleeping          |     9 |    12 ||    21
       Invisible         |     2 |       ||     2
Armor: Robe              |    12 |     3 ||    15
Dodge: Dodged            |    75 |    26 ||   101

Table legend: (Time is in decaauts)
 A = Elapsed time spent in this place.
 B = Non-inter-level travel time spent in this place.
 C = Inter-level travel time spent in this place.
 D = Time resting spent in this place.
 E = Time spent auto-exploring this place.
 F = Levels seen in this place.
 G = Mean time per level.
                   A        B        C        D        E       F      G
               +--------+--------+--------+--------+--------+-----+--------+
         Total |   2679 |   2662 |     17 |    545 |   1646 |   4 |  669.8 |
       Dungeon |   2679 |   2662 |     17 |    545 |   1646 |   4 |  669.8 |
               +--------+--------+--------+--------+--------+-----+--------+

Top non-repeatable levels by time:
     D:1: 1119 daAuts
     D:2: 695 daAuts
     D:3: 672 daAuts
     D:4: 191 daAuts
